 Dungeon Crawl Stone Soup version 0.31.0-11-ge490571c62 (webtiles) character file.

Game seed: 10064229743605166860

24 qw the Shooter (level 2, -2/16 HPs)
             Began as a Deep Elf Hunter on Feb 4, 2024.
             Slain by Natasha (8 damage)
             ... on level 2 of the Dungeon.
             The game lasted 00:00:03 (712 turns).

qw the Shooter (Deep Elf Hunter)                     Turns: 712, Time: 00:00:03

Health: -2/16      AC:  3    Str:  7    XL:     2   Next: 79%
Magic:  4/4        EV: 12    Int: 17    God:
Gold:   9          SH:  4    Dex: 17    Spells: 1/1 levels left

rFire   . . .        a - +0 shortbow
rCold   . . .        (shield currently unavailable)
rNeg    + . .        c - +0 leather armour
rPois   .            (helmet restricted)
rElec   .            (no cloak)
rCorr   .            (no gloves)
SInv    .            (no boots)
Will    .....        (no amulet)
Stlth   ++           f - ring of positive energy
HPRegen 0.22/turn    (no ring)
MPRegen 0.09/turn

%: no passive effects
@: mighty
A: antennae 1, large bone plates 1, clever 1
a: no special abilities


You were on level 2 of the Dungeon.
You visited 1 branch of the dungeon, and saw 2 of its levels.

You collected 59 gold pieces.
You spent 50 gold pieces at shops.


Innate Abilities, Weirdness & Mutations

You have a pair of small antennae on your head.
You are partially covered in large bone plates. (SH +4)
Your mind is acute. (Int +4, Str/Dex -1)


   Skills:
 - Level 1.5 Fighting
 + Level 6.5 Ranged Weapons
 - Level 2.4 Dodging
 - Level 1.2 Stealth


You had one spell level left.
You didn't know any spells.
Your spell library was empty.

Inventory:

Hand Weapons
 a - a +0 shortbow (weapon)
Armour
 c - a +0 leather armour (worn)
Jewellery
 f - a ring of positive energy (left hand)
Scrolls
 e - a scroll of summoning {unknown}
Potions
 k - a potion of enlightenment

Dungeon Overview and Level Annotations

Branches:
Dungeon (2/15)

Altars:

Shops:
D:2 *

Annotations:
D:2 Jessica, Natasha, Sigmund


Message History

You feel extremely strange.
You feel clever.
Large bone plates grow over parts of your arms.
A pair of antennae grows on your head! Natasha barely misses you.
701 ||| DRINKING grey potion.
It was a potion of might.
You feel very mighty all of a sudden.
Jessica the Apprentice Sorceress comes into view.
She is wielding a +0 club.
Natasha barely misses you. Natasha barely misses you.
Jessica gestures wildly.
Sigmund barely misses you. Natasha misses you.
Natasha wildly gestures.
Natasha's front paws start to glow.
Natasha claws you!
Ouch! That really hurt!
Sigmund closely misses you. Natasha claws you.
You feel less confused. Jessica casts a spell at you.
You barely resist. Sigmund barely misses you. Natasha closely misses you.
707 ||| RETREEEEATING.
Jessica barely misses you.
708 ||| RETREEEEATING.
Jessica points at you and mumbles some strange words.
You barely resist.
709 ||| RETREEEEATING.
Jessica mumbles some strange words.
Jessica blinks!
You shoot an arrow. The arrow closely misses Natasha.
You block Natasha's attack. Sigmund closely misses you.
Natasha howls an incantation.
Natasha's front paws start to glow.
Natasha misses you.
711 ||| RETREEEEATING.
Sigmund closely misses you. You block Natasha's attack.
712 ||| RETREEEEATING.
Natasha claws you!
Ouch! That really hurt!
You die...
Natasha curls up and begins to purr.

...#.#.........#
.............###
.......\..#.##
.....#......#
...# #...##.# ..
#....#.# .
#....# # #.h..#
###@.#.#
#...@#.#
#.#..#.#
#.#.....
..#@......
.)..........
#.#..........
#%#.#..#.###.
..#.#..#..


You could see Sigmund, Natasha and Jessica.

Vanquished Creatures
  3 dart slugs (D:1)
  2 endoplasms (D:1)
  4 hobgoblins (D:1)
  A ball python (D:1)
  A bat (D:1)
  A frilled lizard (D:1)
  3 goblins (D:1)
  2 kobolds (D:1)
  A rat (D:2)
18 creatures vanquished.

Notes
Turn   | Place    | Note
-------+----------+-------------------------------------------
     0 | D:1      | qw the Deep Elf Hunter began the quest for the Orb.
     0 | D:1      | Reached XP level 1. HP: 12/12 MP: 3/3
     0 | D:1      | 0 ||| qw: Version: 0.3-a-160-g6735b56
     0 | D:1      | 0 ||| qw: Game counter: 5509
     0 | D:1      | 0 ||| qw: Melee chars always use a shield: true
     0 | D:1      | 0 ||| qw: God list: Okawaru
     0 | D:1      | 0 ||| qw: Allow faded altars: false
     0 | D:1      | 0 ||| qw: Do Orc after clearing Dungeon:15 true
     0 | D:1      | 0 ||| qw: Do second Lair branch before Depths: true
     0 | D:1      | 0 ||| qw: Lair rune preference: random
     0 | D:1      | 0 ||| qw: Goals: Normal
     0 | D:1      | 0 ||| PLANNING D:1-11
   185 | D:1      | Reached skill level 6 in Ranged Weapons
   185 | D:1      | Reached XP level 2. HP: 14/16 MP: 4/4
   614 | D:1      | 614 ||| UPGRADING to ring of positive energy.
   615 | D:1      | 615 ||| READING scroll labelled TORAWU RIULASM.
   616 | D:1      | 616 ||| READING scroll labelled DAGAPO LERYO.
   616 | D:1      | 616 ||| ENCHANTING +0 shortbow.
   617 | D:1      | 617 ||| READING 3 scrolls labelled POIKEG IQYDU.
   618 | D:1      | 618 ||| READING 3 scrolls labelled GICOABRAUC.
   619 | D:1      | 619 ||| READING scroll labelled CYLELL DIWUT.
   620 | D:1      | 620 ||| READING scroll labelled JUTHRE CUULIXZE.
   620 | D:1      | 620 ||| IDENTIFYING fuming blue potion
   621 | D:1      | 621 ||| DROPPING scroll of butterflies.
   622 | D:1      | 622 ||| DROPPING 2 scrolls of fog.
   623 | D:1      | 623 ||| DROPPING 2 scrolls of revelation.
   681 | D:2      | Found Revvuodo's Assorted Antiques.
   689 | D:2      | 689 ||| BUYING fuming brown potion (16 gold).
   689 | D:2      | Bought a fuming brown potion for 16 gold pieces
   689 | D:2      | 689 ||| BUYING grey potion (16 gold).
   689 | D:2      | Bought a grey potion for 16 gold pieces
   689 | D:2      | 689 ||| BUYING scroll labelled CEINTEPEIZ (18 gold).
   689 | D:2      | Bought a scroll labelled CEINTEPEIZ for 18 gold pieces
   689 | D:2      | 689 ||| SHOPLISTING scroll labelled POYCWI DIGASK (18 gold,
                  | have 9).
   689 | D:2      | 689 ||| SHOPLISTING scroll labelled VETUMM IGAUPN (18 gold,
                  | have 9).
   689 | D:2      | 689 ||| SHOPLISTING scroll of enchant armour (135 gold,
                  | have 9).
   696 | D:2      | Noticed Sigmund
   698 | D:2      | Noticed Natasha
   700 | D:2      | 700 ||| DRINKING fuming brown potion.
   700 | D:2      | Gained mutation: Your mind is acute. (Int +4, Str/Dex -1)
                  | [potion of mutation]
   700 | D:2      | Gained mutation: You are partially covered in large bone
                  | plates. (SH +4) [potion of mutation]
   700 | D:2      | Gained mutation: You have a pair of small antennae on your
                  | head. [potion of mutation]
   701 | D:2      | 701 ||| DRINKING grey potion.
   701 | D:2      | Noticed Jessica
   707 | D:2      | 707 ||| RETREEEEATING.
   708 | D:2      | 708 ||| RETREEEEATING.
   709 | D:2      | 709 ||| RETREEEEATING.
   711 | D:2      | 711 ||| RETREEEEATING.
   712 | D:2      | 712 ||| RETREEEEATING.
   712 | D:2      | Slain by Natasha

Levels and vault maps discovered:
D:1:      dpeg_arrival_solitude, layout_basic, serial_bayou_crossing
D:2:      minmay_roachtagon, layout_basic, serial_shops, shop,
          nicolae_shop_crystal, basic_altar, uniq_natasha, uniq_sigmund,
          uniq_jessica

Skill      XL: |  1 |
---------------+----+-----
Ranged Weapons | 6 |  6.5
Fighting       | |  1.5
Dodging        | |  2.4
Stealth        | |  1.2

Action                     || total
---------------------------++-------
   Fire: Shortbow          ||    53
    Use: Scroll            ||     6
         Potion            ||     2
 Armour: Leather armour    ||     6
  Dodge: Dodged            ||    15
  Block: Other             ||     2

Table legend:
 A = Non-vault XP
 B = Vault XP
 C = Vault XP percentage of total XP
 D = Non-vault monster count
 E = Vault monster count
 F = Vault count percentage of total count
                 A         B        C        D         E       F
            +---------+---------+-------+---------+---------+-------
      Total |      35 |       0 |   0.0 |      18 |       0 |   0.0
            +---------+---------+-------+---------+---------+-------
        D:1 |      34 |       0 |   0.0 |      17 |       0 |   0.0
        D:2 |       1 |       0 |   0.0 |       1 |       0 |   0.0
            +---------+---------+-------+---------+---------+-------
